 Dungeon Crawl Stone Soup version 0.29.0 (webtiles) character file.

Game seed: 4069286938120010478

48804 lyrin the Black Belt (level 14, -5/67 HPs)
             Began as a Vine Stalker Transmuter on Sept 5, 2022.
             Was a Follower of Uskayaw.
             Slain by an ettin
             ... wielding a +2 dire flail of protection
              (11 damage)
             ... on level 9 of the Dungeon.
             The game lasted 00:40:20 (17736 turns).

lyrin the Black Belt (Vine Stalker Transmuter)     Turns: 17736, Time: 00:40:20

Health: -5/67      AC: 25    Str: 15    XL:     14   Next: 48%
Magic:  0/21       EV: 15    Int: 18    God:    Uskayaw [*.....]
Gold:   1429       SH:  0    Dex: 16    Spells: 7/20 levels left

rFire   x . .      SeeInvis .     - Unarmed
rCold   + + .      Faith    .   (no shield)
rNeg    . . .      Spirit   +   r - +0 ice dragon scales
rPois   .          Reflect  .   b - +2 helmet {Int+3}
rElec   .          Harm     .   v - +2 cloak {Will+}
rCorr   .          Rampage  .   j - +0 pair of gloves
Will    ++...                   o - +2 pair of boots
Stlth   ..........              n - amulet of magic regeneration
HPRegen 1.01/turn               U - +4 ring of evasion
MPRegen 0.57/turn               I - +4 ring of protection

@: no status effects
A: fangs 3, regeneration 1, magic shield, antimagic bite, no potion heal 2
a: Renounce Religion, Stomp


You were on level 9 of the Dungeon.
You worshipped Uskayaw.
Uskayaw was aware of your devotion.
You visited 3 branches of the dungeon, and saw 18 of its levels.
You also visited: Ice Cave.

You collected 1657 gold pieces.
You spent 228 gold pieces at shops.

Inventory:

Missiles
 i - 2 throwing nets
 k - 45 poisoned darts
 N - 2 curare-tipped darts (quivered)
Armour
 b - a +2 helmet of intelligence (worn)
 j - a +0 pair of gloves (worn)
 o - a +2 pair of boots (worn)
 r - +0 ice dragon scales (worn)
 v - a +2 cloak of willpower (worn)
 R - a +1 buckler of cold resistance
Jewellery
 m - a ring of magical power
 n - an amulet of magic regeneration (around neck)
 q - a ring of positive energy
 t - a ring of poison resistance
 F - a ring of ice
 I - a +4 ring of protection (right hand)
 T - a ring of fire
 U - a +4 ring of evasion (left hand)
Wands
 d - a wand of charming (9)
 f - a wand of digging (2)
 C - a wand of flame (13)
 E - a wand of iceblast (4)
 K - a wand of light (6)
 L - a wand of polymorph (4)
 M - a wand of mindburst (10)
Scrolls
 a - a scroll of brand weapon
 c - a scroll of silence
 e - 4 scrolls of enchant armour
 h - 2 scrolls of teleportation
 p - 2 scrolls of butterflies
 s - 4 scrolls of immolation
 u - 2 scrolls of poison
 w - 7 scrolls of vulnerability
 y - 2 scrolls of amnesia
 O - a scroll of fear {unknown}
 Q - 2 scrolls of enchant weapon
Potions
 g - 2 potions of cancellation
 l - 4 potions of heal wounds {unknown}
 x - 4 potions of magic {unknown}
 z - 10 potions of curing
 A - a potion of mutation {unknown}
 B - a potion of might
 D - 2 potions of brilliance {unknown}
 G - 3 potions of attraction {unknown}
 H - 2 potions of lignification
 J - 2 potions of flight {unknown}
 P - a potion of invisibility {unknown}


   Skills:
 + Level 4.6 Fighting
 - Level 0.6 Throwing
 - Level 5.0 Armour
 - Level 6.0 Dodging
 + Level 18.4 Unarmed Combat
 + Level 3.5 Spellcasting
 * Level 9.4 Transmutations
 * Level 9.1 Invocations
 - Level 0.6 Evocations


You had 7 spell levels left.
You knew the following spells:

 Your Spells              Type           Power      Damage    Failure   Level
a - Beastly Appendage     Tmut           74%        N/A       1%          1
b - Dragon Form           Tmut           18%        N/A       100%        7
c - Blade Hands           Tmut           18%        N/A       38%         5

Your spell library contained the following spells:

 Spells                   Type           Power      Damage    Failure   Level
 Wereblood                Tmut           37%        N/A       2%          2
 Passwall                 Tmut/Erth      16%        N/A       16%         2
 Spider Form              Tmut/Pois      20%        N/A       30%         3
 Ignite Poison            Fire/Tmut/Pois 14%        N/A       52%         3
 Apportation              Tloc           6%         N/A       58%         1
 Necrotise                Necr           12%        1d4       58%         1
 Summon Small Mammal      Summ           12%        N/A       58%         1
 Ice Form                 Ice/Tmut       20%        N/A       71%         4
 Petrify                  Tmut/Erth      20%        N/A       71%         4
 Ensorcelled Hibernation  Hex/Ice        6%         N/A       73%         2
 Sublimation of Blood     Necr           3%         N/A       73%         2
 Conjure Flame            Conj/Fire      3%         6-21      91%         3
 Frozen Ramparts          Ice            6%         1d1       91%         3
 Mephitic Cloud           Conj/Pois/Air  3%         N/A       91%         3
 Swiftness                Air            3%         N/A       91%         3
 Alistair's Intoxication  Tmut/Pois      13%        N/A       96%         5
 Irradiate                Conj/Tmut      10%        3d15      96%         5
 Cause Fear               Hex            1%         N/A       100%        4
 Sticky Flame             Conj/Fire      3%         2d3       100%        4
 Summon Ice Beast         Ice/Summ       3%         N/A       100%        4
 Freezing Cloud           Conj/Ice/Air   1%         6-21      100%        5
 Dispersal                Tloc           1%         N/A       100%        6
 Summon Hydra             Summ           1%         N/A       100%        7
 Disjunction              Tloc           1%         N/A       100%        8
 Dragon's Call            Summ           1%         N/A       100%        9


Dungeon Overview and Level Annotations

Branches:
Dungeon (15/15)            Temple (1/1) D:5            Lair (0/5) D:8
    Orc (2/2) D:9             Elf (0/3) Orc:2        Vaults (0/5) D:14
 Depths (0/4) D:15          IceCv (visited)

Altars:
Ashenzari
Cheibriados
Dithmenos
Elyvilon
Fedhas
Gozag
Hepliaklqana
Kikubaaqudgha
Makhleb
Nemelex Xobeh
Okawaru
Qazlal
Ru
Sif Muna
Trog
Uskayaw
Vehumet
Wu Jian
Xom
Yredelemnul
Zin
The Shining One

Shops:
D:1 ([([   D:5 !   D:7 [?!*   D:9 !

Annotations:
D:2 1 runed translucent door, Crazy Yiuf
D:5 3 runed translucent doors, lyrin's ghost, amateur DsBr


Innate Abilities, Weirdness & Mutations

You have razor-sharp teeth.
Your natural rate of healing is unusually fast.
When hurt, damage is shared between your health and your magic reserves.
Your bite disrupts and absorbs the magic of your enemies.
Potions cannot restore your health.


Message History

You start waiting.
There is a stone staircase leading down, spattered with blood here.
You climb downwards.
The ogre shouts!
You hear a shout!
The ogre closely misses you. The deep troll bites you!
The deep troll claws you but does no damage.
The deep troll claws you.
An ogre mage comes into view. It is wielding a +0 spear.
There is a stone staircase leading up, spattered with blood here.
Things that are here:
a +0 robe; a +1 dagger of speed The deep troll bites you but does no damage.
The deep troll claws you!
The deep troll claws you but does no damage.
The ogre misses you.
You climb upwards.
There is a stone staircase leading down, spattered with blood here.
Unknown command.
The deep troll bites you! The deep troll misses you.
The deep troll closely misses you.
The ettin hits you but does no damage. x2
Items here: ))) ÷.
The ettin completely misses you. The ettin barely misses you.
Things that are here:
a +0 robe; a +0 dagger; a +0 hand axe
There is a staircase back to the Dungeon, spattered with blood here.
The deep troll bites you!
The deep troll claws you but does no damage.
The deep troll barely misses you.
The ettin hits you with a +2 dire flail of protection!!
The ettin hits you but does no damage.
You climb upwards.
Welcome back to the Dungeon!
There is a staircase to the Orcish Mines, spattered with blood here.
The deep troll bites you! The deep troll misses you.
The deep troll closely misses you.
Items here: ) [[ †.
The ettin attacks as you move away!
The ettin hits you with a +2 dire flail of protection!!
* * * LOW HITPOINT WARNING * * *
The ettin hits you with a +0 dire flail!
You die...

#..###########....#####♣##
##..# ##...# #...# ##..#
..#.## ###..## ###..#
####.....#### # #..#
#.....8.....### # #..##
##...........#.# # #...#
##......).......# ###.#.#
##..8...@C....8..#
.##.#.###)......T[......##
.[.......[##...........##
........####.....8.....#
.......<# ####.....####
..#..)..# #...###
..[.....# #..## ##..)[..#
##..# ###)#### #...#


You could see an ettin and a deep troll.

Vanquished Creatures
  Agnes (D:15)
  An orc warlord (D:9)
  Josephine (D:9)
  An ice dragon (IceCv)
  2 boulder beetles
  4 hydras
  3 centaur warriors
  2 tengu warriors (D:15)
  9 two-headed ogres
  An orc knight (D:9)
  A wizard (D:14)
  A necromancer (D:15)
  An orc sorcerer (D:15)
  19 ugly things
  A manticore (D:15)
  7 cyclopes
  2 water nymphs (shapeshifter) (D:14)
  2 ice statues (IceCv)
  2 gargoyles (D:12)
  4 kobold demonologists
  An efreet (D:13)
  3 rime drakes (IceCv)
  A komodo dragon (D:11)
  An unseen horror (D:11)
  2 ice devils (D:9)
  10 trolls
  3 meliai (D:15)
  A hornet (D:9)
  A slime creature (D:12)
  Prince Ribbit (D:8)
  3 shadows
  14 yaks
  An air elemental (D:14)
  5 wraiths
  A fire elemental (D:14)
  A human (shapeshifter) (D:14)
  A basilisk (D:14)
  6 vampire mosquitoes
  A steam dragon (D:8)
  4 wargs
  A floating eye (shapeshifter) (D:15)
  2 water moccasins
  A sky beast (D:6)
  3 black bears
  15 orc warriors
  An ice beast (D:5)
  11 ogres
  15 centaurs
  5 kobold brigands
  An earth elemental (D:14)
  7 bullfrogs
  4 gnoll sergeants
  2 necrophages
  4 scorpions
  12 wights
  A jelly (D:6)
  2 lindwurm simulacra (IceCv)
  9 killer bees (D:10)
  2 howler monkeys
  8 hounds
  3 komodo dragon simulacra (IceCv)
  9 orc priests
  5 iguanas
  13 orc wizards
  16 gnolls
  7 acid dragon simulacra (IceCv)
  6 adders
  6 white imps
  An ufetubus (D:4)
  9 steam dragon simulacra (IceCv)
  3 worms
  2 dart slugs
  51 orcs
  8 bats
  3 endoplasms
  5 giant cockroaches
  2 goblins (D:1)
  10 hobgoblins
  13 jackals
  5 quokkas
  10 ball pythons
  A frilled lizard (D:1)
  18 kobolds
  9 rats
447 creatures vanquished.

Vanquished Creatures (others)
  A rime drake (IceCv)
  A water elemental (D:14)
  An orc (D:9)
3 creatures vanquished.

Grand Total: 450 creatures vanquished

Notes
Turn   | Place    | Note
-------+----------+-------------------------------------------
     0 | D:1      | lyrin the Vine Stalker Transmuter began the quest for the
                  | Orb.
     0 | D:1      | Reached XP level 1. HP: 9/9 MP: 4/4
   171 | D:1      | Found Ecsaw's Armour Shop.
   175 | D:1      | Reached XP level 2. HP: 14/14 MP: 4/6
   193 | D:1      | Found Loepusum's Weapon Shoppe.
   691 | D:1      | Reached XP level 3. HP: 8/17 MP: 4/7
   871 | D:1      | Found Liny's Weapon Shop.
  1477 | D:1      | Found Piuqurph's Armour Shoppe.
  1557 | D:1      | Found a faded altar of an unknown god.
  1912 | D:2      | Reached skill level 4 in Unarmed Combat
  2548 | D:2      | Identified the +2 spear "Essadoy" {spect, rN+}
  2627 | D:2      | Gained mutation: Your natural rate of healing is unusually
                  | fast. [Vine Stalker growth]
  2627 | D:2      | Reached XP level 4. HP: 21/21 MP: 9/9
  2759 | D:2      | Found a runed translucent door.
  2760 | D:2      | Noticed Crazy Yiuf
  3456 | D:3      | Identified the +10 dagger of Ywkomeiz {holy, Str+4}
  3614 | D:3      | Found an iron altar of Okawaru.
  3912 | D:4      | Reached XP level 5. HP: 23/25 MP: 10/10
  3973 | D:4      | Reached skill level 1 in Fighting
  4004 | D:4      | Reached skill level 5 in Unarmed Combat
  4131 | D:4      | Noticed an ogre
  4348 | D:4      | Reached XP level 6. HP: 30/30 MP: 11/11
  4521 | D:4      | Reached skill level 6 in Unarmed Combat
  4856 | D:5      | Entered Level 5 of the Dungeon
  4878 | D:5      | Identified the +0 ring mail of Leaves {Str+3}
  4892 | D:5      | Found a staircase to the Ecumenical Temple.
  4926 | Temple   | Entered the Ecumenical Temple
  5099 | Temple   | Became a worshipper of Uskayaw the Reveller
  5144 | D:5      | Reached * piety under Uskayaw
  5146 | D:5      | Reached XP level 7. HP: 25/33 MP: 12/12
  5178 | D:5      | Reached ** piety under Uskayaw
  5184 | D:5      | Reached *** piety under Uskayaw
  5188 | D:5      | Reached **** piety under Uskayaw
  5189 | D:5      | Reached skill level 7 in Unarmed Combat
  5382 | D:5      | Found Oczovyeg's Distillery.
  5390 | D:5      | Bought a potion of curing for 33 gold pieces
  5454 | D:5      | Found a runed translucent gate.
  5455 | D:5      | Found a runed translucent gate.
  5455 | D:5      | Found an opulent altar of Gozag.
  5456 | D:5      | Found a runed translucent gate.
  5460 | D:5      | Noticed a yak
  5460 | D:5      | Noticed lyrin's ghost (amateur DsBr)
  5505 | D:5      | Learned a level 7 spell: Dragon Form
  5567 | D:5      | Found a shadowy altar of Dithmenos.
  5567 | D:5      | Noticed a shadow
  5571 | D:5      | Found a hazy altar of Hepliaklqana.
  5641 | D:5      | Reached skill level 8 in Unarmed Combat
  5641 | D:5      | Gained mutation: You have razor-sharp teeth. [Vine Stalker
                  | growth]
  5641 | D:5      | Reached XP level 8. HP: 39/39 MP: 13/13
  5785 | D:6      | Found a stormy altar of Qazlal.
  5901 | D:6      | Reached skill level 1 in Invocations
  6060 | D:6      | Reached skill level 9 in Unarmed Combat
  6451 | D:6      | Reached XP level 9. HP: 42/42 MP: 14/14
  6869 | D:7      | Reached skill level 10 in Unarmed Combat
  7054 | D:7      | Noticed a two-headed ogre
  7058 | D:7      | HP: 2/43 [two-headed ogre/+0 giant spiked club (15)]
  7474 | D:7      | Found Nais's Magic Scroll Emporium.
  7476 | D:7      | Found Obohiog's General Store.
  7476 | D:7      | Found Ijosoykh's Antique Armour Emporium.
  7476 | D:7      | Found Xuyxim's Distillery.
  7502 | D:7      | Identified a scroll of acquirement
  7503 | D:7      | Acquired a +2 helmet of intelligence
  7514 | D:7      | Bought a glowing cloak for 195 gold pieces
  7643 | D:7      | Killed a two-headed ogre
  7644 | D:7      | Reached skill level 11 in Unarmed Combat
  7748 | D:8      | Noticed Prince Ribbit
  7754 | D:8      | Killed Prince Ribbit
  7755 | D:8      | Noticed a kobold demonologist
  7780 | D:7      | Killed a kobold demonologist
  7781 | D:7      | Reached XP level 10. HP: 47/47 MP: 15/15
  7824 | D:8      | Found a staircase to the Lair.
  7928 | D:8      | Reached skill level 12 in Unarmed Combat
  7990 | D:8      | Reached ***** piety under Uskayaw
  8289 | D:8      | Found a burning altar of Makhleb.
  8298 | D:8      | Found an ornate altar of the Wu Jian Council.
  8831 | D:9      | Found a staircase to the Orcish Mines.
  8902 | D:9      | Found a basalt altar of Yredelemnul.
  8914 | D:9      | Reached skill level 13 in Unarmed Combat
  8963 | D:9      | Noticed a two-headed ogre
  8974 | D:9      | Killed a two-headed ogre
  8975 | D:9      | Reached skill level 5 in Transmutations
  9028 | D:9      | Reached XP level 11. HP: 46/52 MP: 16/16
  9427 | D:9      | Found the +8 frozen axe "Frostbite" {freezing cloud, *Noise
                  | Fly rC+}
  9650 | D:9      | Found Tolesmef's Distillery.
  9747 | D:10     | Entered Level 10 of the Dungeon
  9799 | D:10     | Reached skill level 14 in Unarmed Combat
  9866 | D:10     | Reached skill level 5 in Invocations
  9909 | D:10     | Found a sacrificial altar of Ru.
 10182 | D:10     | Noticed a two-headed ogre
 10196 | D:10     | Killed a two-headed ogre
 10197 | D:10     | Reached skill level 5 in Dodging
 10654 | D:11     | Noticed a boulder beetle
 10654 | D:11     | Found a frozen archway.
 10666 | D:11     | Killed a boulder beetle
 10680 | IceCv    | Entered an ice cave
 11225 | IceCv    | Noticed an ice dragon
 11316 | IceCv    | Killed an ice dragon
 11425 | IceCv    | Reached skill level 15 in Unarmed Combat
 11606 | IceCv    | Identified the ring "Genewutao" {Ice *Corrode rN+ Str-2
                  | Int+10}
 11613 | IceCv    | Identified the ring of Doubts {Fire rPois rN+ Str+4 Int-4}
 11688 | D:11     | Identified the +2 ring mail "Zeotexoge" {Dex+4}
 11801 | D:11     | Reached XP level 12. HP: 45/56 MP: 17/17
 12017 | D:11     | Noticed a seven-headed hydra
 12026 | D:11     | Killed a seven-headed hydra
 12173 | D:12     | Noticed a boulder beetle
 12191 | D:12     | Killed a boulder beetle
 12192 | D:12     | Reached skill level 1 in Armour
 12292 | D:12     | Noticed a four-headed hydra
 12301 | D:12     | Killed a four-headed hydra
 12377 | D:12     | Noticed a two-headed ogre
 13154 | D:12     | Killed a two-headed ogre
 13298 | D:13     | Noticed a sun demon
 13610 | D:13     | Learned a level 5 spell: Blade Hands
 13623 | D:13     | Noticed a two-headed ogre
 13636 | D:13     | Killed a two-headed ogre
 13674 | D:13     | Reached skill level 16 in Unarmed Combat
 14180 | D:13     | Reached XP level 13. HP: 47/61 MP: 14/19
 14865 | D:14     | Found a gate to the Vaults.
 14865 | D:14     | You fall into a shaft and drop 1 floor!
 14865 | D:15     | Entered Level 15 of the Dungeon
 15422 | D:15     | Reached ****** piety under Uskayaw
 15490 | D:15     | Found a staircase to the Depths.
 15516 | D:15     | Noticed Agnes
 15527 | D:15     | Killed Agnes
 15528 | D:15     | Reached skill level 17 in Unarmed Combat
 15992 | D:14     | Reached skill level 5 in Armour
 16021 | D:14     | Reached XP level 14. HP: 48/67 MP: 21/21
 16180 | D:14     | Found a large runed translucent door.
 16180 | D:14     | Found a large runed translucent door.
 16341 | D:14     | Paralysed by an air elemental for 1 turns
 16350 | D:14     | Paralysed by an air elemental for 1 turns
 16811 | Orc:1    | Entered Level 1 of the Orcish Mines
 16814 | Orc:1    | Noticed an orc warlord
 16814 | Orc:1    | Noticed Josephine
 17039 | D:9      | Killed an orc warlord
 17048 | D:9      | Killed Josephine
 17085 | Orc:1    | Reached skill level 18 in Unarmed Combat
 17325 | Orc:2    | Entered Level 2 of the Orcish Mines
 17351 | Orc:2    | Found a staircase to the Elven Halls.
 17736 | D:9      | Slain by an ettin

Illustrated notes

Levels and vault maps discovered:
D:1:      dpeg_arrival_prison, layout_basic, serial_shops,
          nicolae_lakefront_shop, shop, nicolae_shop_bloodbath_and_beyond, shop,
          hellmonk_ecumenical_altar_inner_sanctum
D:2:      layout_basic, serial_curves, eino_curves_02, eino_curves_03,
          eino_curves_02, eino_curves_03, nrook_loot_triangle, minivault_5,
          st_stairs_7, grunt_decor_resistance, minmay_fractal_squares_gapless_5,
          uniq_crazy_yiuf_cottage
D:3:      layout_basic, okawaru_altar_gauntlet_db
D:4:      layout_gridville
D:5:      layout_basic, riverfiend_overflow_shadow_ancestor,
          minmay_temple_entry_enclosed_plants, ebering_ghost_gozag,
          nicolae_stop_n_shop_2
D:6:      layout_gridville, grunt_qazlal_clouds
D:7:      layout_basic, minmay_shop_grid_forest
D:8:      minmay_slanted_spiral_squares, layout_cave_pools,
          mainiacjoe_overflow_swirl, lair_entry_dummy, uniq_prince_ribbit1
D:9:      layout_rooms, mainiacjoe_overflow_paths, david_orc_2, serial_shops,
          nicolae_shop_trees, serial_aquarium, aquarium_bridge_square
          [aquarium_subvault_bridge, aquarium_subvault_balcony,
          aquarium_subvault_window, aquarium_subvault_wall],
          aquarium_window_corner, aquarium_window_fake, aquarium_view_2b,
          aquarium_pool_corner, hellmonk_guarded_unrand_frostbite
D:10:     layout_basic, nicolae_ru_awakened_eye
D:11:     layout_cave_pools, portal_ice_cave_entry_pillars_1
D:12:     layout_loops_corners
D:13:     layout_loops_ring, nicolae_fountain_basement
D:14:     layout_irregular_city, david_vaults_2, roderic_lattice_octagonal_star,
          lightli_elemental_guards
D:15:     hangedman_depths_entry_civil_slaughter, layout_stronghold,
          nrook_mini_vaults, uniq_agnes
Temple:   eino_temple_water
Orc:1:    layout_caves, uniq_josephine
Orc:2:    st_orc_open, layout_caves

Skill      XL: |  1  2  3  4  5  6  7  8  9 10 11 12 13 14 |
---------------+-------------------------------------------+-----
Unarmed Combat | 4 5 6 8 9 11 13 15 16 17 18 | 18.4
Dodging        | 2 3 4 5 6 |  6.0
Fighting       | 1 2 3 4 |  4.6
Invocations    | 2 3 4 6 7 8 9 |  9.1
Transmutations | 3 4 5 6 7 8 9 |  9.4
Armour         | 3 5 |  5.0
Spellcasting   | 3 |  3.5
Throwing       | |  0.6
Evocations     | |  0.6

Action                   |  1- 3 |  4- 6 |  7- 9 | 10-12 | 13-15 || total
-------------------------+-------+-------+-------+-------+-------++-------
Melee: Unarmed           |   134 |   135 |   221 |   616 |   473 ||  1579
       Bite              |    28 |    31 |    61 |   231 |   170 ||   521
       Headbutt          |     2 |     2 |     1 |     5 |    16 ||    26
       Punch             |     2 |     4 |    14 |    73 |    59 ||   152
       Kick              |     3 |     6 |     3 |     5 |    25 ||    42
Throw: Dart              |       |     7 |     3 |    20 |     1 ||    31
       Throwing net      |       |       |     1 |       |       ||     1
 Cast: Beastly Appendage |     4 |     2 |     1 |     2 |     5 ||    14
Evoke: Wand              |       |       |       |    11 |       ||    11
  Use: Scroll            |       |       |    15 |     5 |     1 ||    21
       Potion            |       |       |     2 |       |     1 ||     3
 Stab: Sleeping          |     2 |     1 |     2 |       |       ||     5
       Paralysed         |       |       |     6 |    36 |    46 ||    88
       Invisible         |       |       |       |     2 |       ||     2
Armor: Robe              |    27 |    33 |    47 |   114 |       ||   221
       Skin              |       |       |     3 |       |       ||     3
       Ice dragon scales |       |       |       |    97 |   305 ||   402
Dodge: Dodged            |   103 |    88 |   133 |   346 |   465 ||  1135
